 Dungeon Crawl Stone Soup version 0.20-a0-947-g2784f4f (webtiles) character file.

119 Duskembrace the Sneak (level 4, 0/21 HPs)
             Began as a Spriggan Enchanter on Apr 3, 2017.
             Killed from afar by an orc wizard (9 damage)
             ... with a magic dart
             ... on level 4 of the Dungeon.
             The game lasted 00:06:13 (2615 turns).

Duskembrace the Sneak (Spriggan Enchanter)          Turns: 2615, Time: 00:06:15

Health: 0/21       AC:  2    Str:  4    XL:     4   Next: 74%
Magic:  10/18      EV: 19    Int: 17    God:
Gold:   111        SH:  0    Dex: 16    Spells: 0/9 levels left

rFire    . . .     SeeInvis +   u - +3 dagger
rCold    . . .     Gourm    .   (shield restricted)
rNeg     . . .     Faith    .   b - +0 robe
rPois    .         Spirit   .   (helmet restricted)
rElec    .         Reflect  .   (no cloak)
rCorr    .         Harm     .   (gloves unavailable)
MR       .....                  (boots unavailable)
Stlth    +++.......             (no amulet)
Regen    0.1/turn               i - ring of magical power
MPRegen  0.2/turn               (no ring)

@: very quick
A: unfitting armour, see invisible, herbivore 3, speed 3, slow metabolism 2
a: no special abilities


You were on level 4 of the Dungeon.
You were not hungry.

You visited 1 branch of the dungeon, and saw 4 of its levels.

You collected 111 gold pieces.

Inventory:

Hand Weapons
 a - a +1 dagger
 u - a +3 dagger (weapon)
Missiles
 s - 7 poisoned needles
 v - 4 tomahawks (quivered)
Armour
 b - a +0 robe (worn)
Jewellery
 i - a ring of magical power (left hand)
 m - an uncursed ring of protection from cold {unknown}
Scrolls
 e - 9 scrolls of identify {unknown}
 f - 2 scrolls of enchant weapon {unknown}
 g - 3 scrolls of fog {unknown}
 j - 2 scrolls of enchant armour {unknown}
 k - 2 scrolls of recharging {unknown}
 l - 3 scrolls of teleportation {unknown}
 r - a scroll of remove curse {unknown}
Potions
 o - a potion of invisibility {unknown}
 p - a potion of lignification {unknown}
 q - a potion of resistance {unknown}
 t - a potion of heal wounds {unknown}
Books
 c - a book of Maledictions

   Spells                             Type                      Level
   a - Corona                         Hexes                        1
   b - Ensorcelled Hibernation        Hexes/Ice                    2
   c - Confuse                        Hexes                        3
   d - Tukima's Dance                 Hexes                        3
   e - Dazzling Spray                 Conjuration/Hexes            3
Comestibles
 d - 3 bread rations
 h - 6 fruits


   Skills:
 - Level 2.0 Short Blades
 + Level 3.9 Dodging
 + Level 5.3 Stealth
 - Level 3.0 Spellcasting
 * Level 5.3 Hexes


You couldn't memorise any spells.
You knew the following spells:

 Your Spells              Type           Power        Failure   Level  Hunger
a - Corona                Hex            ###....      1%          1    None
b - Ensorcelled Hibernat  Hex/Ice        ##....       12%         2    ##.....
c - Confuse               Hex            ###.....     8%          3    ###....
d - Tukima's Dance        Hex            ###.....     8%          3    ###....


Dungeon Overview and Level Annotations

Branches:
Dungeon (4/15)
 Temple: D:4-7

Altars:
Ashenzari
Dithmenos
Elyvilon
Fedhas
Kikubaaqudgha
Makhleb
Vehumet


Innate Abilities, Weirdness & Mutations

You are very small and have problems with some larger weapons.
You are too small for most types of armour.
You have supernaturally acute eyesight. (SInv)
You are a herbivore.
You cover ground extremely quickly.
You need consume almost no food.


Message History

The orc wizard is lightly wounded.
The orc wizard hits you.
You completely miss the orc wizard.
The orc wizard is lightly wounded.
You hit the orc wizard.
The orc wizard is heavily wounded.
The orc wizard misses you. The orc misses you.
The orc wizard hits the orc but does no damage.
You hit the orc wizard but do no damage.
The orc wizard is heavily wounded.
The orc wizard hits the orc.
The orc is killed!
You hit the orc wizard but do no damage.
The orc wizard is heavily wounded.
The orc throws a tomahawk.
The tomahawk barely misses the orc wizard.
The tomahawk misses you. The orc wizard misses you.
The orc wizard points at you and mumbles some strange words.
The magic dart hits you!
You die...

...) ...# .#
...#.##.##.#
...........#
....o##....###.
......?(.#.o)..oo
....##(.o.###...
.. #o#### # #.oo#
###@# ### #.#
###.####.#
#######.....##.#
........###.##.#
.######.# #....#
#.###<####
#.....# #######


You could see 2 orc wizards and an orc.

Vanquished Creatures
  An orc priest (D:3)
  3 adders (D:2)
  An ooze (D:1)
  A worm (D:2)
  A dart slug (D:2)
  A leopard gecko (D:3)
  5 orcs
  6 bats
  A giant cockroach (D:1)
  4 goblins (D:2)
  6 hobgoblins
  6 jackals
  A quokka (D:3)
  3 kobolds
  5 rats
45 creatures vanquished.

Vanquished Creatures (others)
  2 dancing weapons (D:4)
2 creatures vanquished.

Grand Total: 47 creatures vanquished

Notes
Turn   | Place    | Note
-------+----------+-------------------------------------------
     0 | D:1      | Duskembrace the Spriggan Enchanter began the quest for the Orb.
     0 | D:1      | Reached XP level 1. HP: 9/9 MP: 5/5
   387 | D:1      | Reached XP level 2. HP: 13/13 MP: 7/7
   391 | D:1      | Learned a level 2 spell: Ensorcelled Hibernation
  1008 | D:2      | Reached XP level 3. HP: 16/16 MP: 8/8
  1013 | D:2      | Learned a level 3 spell: Confuse
  1665 | D:2      | Reached XP level 4. HP: 18/21 MP: 9/9
  1670 | D:2      | Learned a level 3 spell: Tukima's Dance
  1827 | D:3      | Found a shadowy altar of Dithmenos.
  1875 | D:3      | Found a radiant altar of Vehumet.
  1877 | D:3      | Found a blossoming altar of Fedhas.
  2210 | D:3      | Reached skill level 5 in Stealth
  2214 | D:3      | Reached skill level 5 in Hexes
  2439 | D:3      | Found a shattered altar of Ashenzari.
  2461 | D:3      | Found a burning altar of Makhleb.
  2461 | D:3      | Found an ancient bone altar of Kikubaaqudgha.
  2463 | D:3      | Found a white marble altar of Elyvilon.
  2615 | D:4      | Killed from afar by an orc wizard

Vault maps used:
D:1:      eino_arrival_tree_alley
D:2:      first_bread, minmay_pentomino_r2
D:3:      nicolae_overflow_hidden_temple, lemuel_crystal_altar,
          marbit_many_paths

Skill      XL: |  1  2  3  4 |
---------------+-------------+-----
Spellcasting   | 3 |  3.0
Short Blades   | 2 |  2.0
Hexes          | 4 5 |  5.3
Stealth        | 5 |  5.3
Dodging        | |  3.9

Action                   |  1- 3 |  4- 6 || total
-------------------------+-------+-------++-------
Melee: Dagger            |   105 |    51 ||   156
 Cast: Ensorcelled Hiber |     8 |     7 ||    15
       Confuse           |       |     3 ||     3
       Tukima's Dance    |       |     2 ||     2
 Stab: Sleeping          |    17 |     5 ||    22
       Confused          |       |     1 ||     1
  Eat: Royal jelly       |       |     1 ||     1
Armor: Robe              |    18 |     3 ||    21
Dodge: Dodged            |   102 |    51 ||   153
